[ AOE2 MATCH · #507194090 ]
UnrankedTatars vs Persians
Player's team · WIN
Rival team · LOSS
[ REPLAY ANALYSIS · EXTRACTED FROM THE RECORDED GAME ]
Feudal
18:41
Castle
—
Imperial
—
| APM avg | 36.7 |
| APM peak | 86 |
| eAPM avg | 19.3 |
| Villagers / military | 52 / 7 |
Focus
⚔️ 15.4% · 🌾 84.6%
Archer ×7
Feudal
—
Castle
—
Imperial
—
| APM avg | 44.8 |
| APM peak | 116 |
| eAPM avg | 22.0 |
| Villagers / military | 73 / 0 |
Focus
⚔️ 12.8% · 🌾 87.2%
Match map
Initial resources + every placement click. Lines = walls · curves = elevation contours. ◆ gold · ⬟ stone · ● berries · ✦ relic · ◌ wall gap
Your base· Open — unwalled flank
TW_KAKA's base· Open — unwalled flank
Smoothed initial terrain · ◌ = detected wall gap · hover for details
Inputs per minute
— BarddoK - - TW_KAKA
Build order — BarddoK
117 actions detected in the replay
| 0:02 | Build | House |
| 0:03 | Build | House |
| 0:03 | Queue | Villager (Male) |
| 0:04 | Queue | Villager (Male) |
| 0:07 | Queue | Villager (Male) |
| 0:07 | Queue | Villager (Male) |
| 1:30 | Queue | Villager (Male) |
| 1:30 | Queue | Villager (Male) |
| 2:04 | Queue | Villager (Male) |
| 2:04 | Queue | Villager (Male) |
| 2:07 | Build | Lumber Camp |
| 2:23 | Queue | Villager (Male) |
| 2:23 | Queue | Villager (Male) |
| 3:05 | Research | Loom |
| 3:05 | Research | Loom |
| 3:09 | Build | House |
| 3:29 | Queue | Villager (Male) |
| 3:29 | Queue | Villager (Male) |
| 4:06 | Queue | Villager (Male) |
| 4:07 | Queue | Villager (Male) |
| 4:07 | Queue | Villager (Male) |
| 5:49 | Build | Palisade Wall |
| 5:50 | Build | Palisade Wall |
| 5:54 | Build | Palisade Wall |
| 5:55 | Build | Palisade Wall |
| 5:56 | Queue | Villager (Male) |
| 5:56 | Queue | Villager (Male) |
| 6:05 | Queue | Villager (Male) |
| 6:06 | Queue | Villager (Male) |
| 6:29 | Queue | Villager (Male) |
| 6:30 | Queue | Villager (Male) |
| 6:41 | Build | House |
| 6:55 | Build | Mill |
| 7:06 | Queue | Villager (Male) |
| 7:19 | Build | Palisade Wall |
| 7:20 | Build | Palisade Wall |
| 7:27 | Queue | Villager (Male) |
| 7:43 | Queue | Villager (Male) |
| 7:49 | Build | Farm |
| 7:51 | Build | Farm |
| 7:53 | Build | Farm |
| 8:03 | Build | Farm |
| 8:08 | Queue | Villager (Male) |
| 8:30 | Queue | Villager (Male) |
| 8:34 | Build | Palisade Wall |
| 8:53 | Build | Barracks |
| 8:55 | Build | House |
| 9:34 | Queue | Villager (Male) |
| 9:34 | Queue | Villager (Male) |
| 9:44 | Queue | Villager (Male) |
| 9:44 | Queue | Villager (Male) |
| 11:08 | Queue | Villager (Male) |
| 11:24 | Build | Mill |
| 11:34 | Queue | Villager (Male) |
| 11:35 | Queue | Villager (Male) |
| 12:02 | Queue | Villager (Male) |
| 12:46 | Queue | Villager (Male) |
| 13:08 | Build | Town Center |
| 13:18 | Build | House |
| 13:54 | Queue | Villager (Male) |
| 13:55 | Queue | Villager (Male) |
| 13:55 | Queue | Villager (Male) |
| 13:57 | Build | Barracks |
| 13:59 | Build | House |
| 14:23 | Build | House |
| 14:35 | Queue | Villager (Male) |
| 14:35 | Queue | Villager (Male) |
| 14:54 | Queue | Villager (Male) |
| 14:54 | Queue | Villager (Male) |
| 15:12 | Build | Farm |
| 15:15 | Build | Farm |
| 15:20 | Queue | Villager (Male) |
| 15:41 | Build | House |
| 15:46 | Build | Farm |
| 16:28 | Research | Feudal Age |
| 16:37 | Build | Lumber Camp |
| 18:41 | Age | Feudal Age |
| 18:42 | Queue | Villager (Male) |
| 18:57 | Build | Market |
| 18:58 | Build | House |
| 18:59 | Build | House |
| 20:12 | Build | Town Center |
| 21:09 | Build | Mill |
| 21:35 | Build | Blacksmith |
| 22:14 | Build | Watch Tower |
| 22:23 | Build | House |
| 22:36 | Build | Farm |
| 22:45 | Build | Farm |
| 23:43 | Queue | Villager (Male) |
| 23:43 | Queue | Villager (Male) |
| 23:43 | Queue | Villager (Male) |
| 24:12 | Queue | Villager (Male) |
| 24:12 | Queue | Villager (Male) |
| 24:26 | Build | House |
| 24:36 | Build | Watch Tower |
| 24:43 | Build | House |
| 25:48 | Build | Mining Camp |
| 25:51 | Queue | Villager (Male) |
| 25:54 | Build | House |
| 26:07 | Queue | Villager (Male) |
| 26:09 | Build | House |
| 26:16 | Build | Watch Tower |
| 27:00 | Queue | Villager (Male) |
| 27:14 | Research | Fletching |
| 27:23 | Build | Archery Range |
| 27:56 | Build | Lumber Camp |
| 28:04 | Queue | Archer |
| 28:04 | Queue | Archer |
| 28:05 | Queue | Archer |
| 30:17 | Queue | Archer |
| 30:52 | Build | Town Center |
| 32:41 | Queue | Archer |
| 32:44 | Build | House |
| 32:45 | Build | House |
| 34:01 | Build | Town Center |
| 36:17 | Queue | Archer |
| 36:18 | Queue | Archer |
Build order — TW_KAKA
96 actions detected in the replay
| 0:02 | Build | House |
| 0:04 | Build | House |
| 0:06 | Queue | Villager (Male) |
| 0:06 | Queue | Villager (Male) |
| 0:07 | Queue | Villager (Male) |
| 0:07 | Queue | Villager (Male) |
| 0:24 | Queue | Villager (Male) |
| 0:24 | Queue | Villager (Male) |
| 1:46 | Queue | Villager (Male) |
| 1:46 | Queue | Villager (Male) |
| 2:17 | Queue | Villager (Male) |
| 2:17 | Queue | Villager (Male) |
| 2:17 | Queue | Villager (Male) |
| 2:23 | Build | Lumber Camp |
| 3:21 | Queue | Villager (Male) |
| 3:21 | Queue | Villager (Male) |
| 3:22 | Queue | Villager (Male) |
| 3:28 | Build | House |
| 3:30 | Build | House |
| 4:00 | Queue | Villager (Male) |
| 4:00 | Queue | Villager (Male) |
| 4:01 | Queue | Villager (Male) |
| 4:20 | Queue | Villager (Male) |
| 4:20 | Queue | Villager (Male) |
| 4:57 | Queue | Villager (Male) |
| 4:57 | Queue | Villager (Male) |
| 4:57 | Queue | Villager (Male) |
| 5:18 | Research | Loom |
| 5:18 | Queue | Villager (Male) |
| 5:30 | Queue | Villager (Male) |
| 5:31 | Queue | Villager (Male) |
| 5:31 | Queue | Villager (Male) |
| 5:48 | Queue | Villager (Male) |
| 5:48 | Queue | Villager (Male) |
| 6:44 | Queue | Villager (Male) |
| 6:44 | Queue | Villager (Male) |
| 7:10 | Queue | Villager (Male) |
| 7:11 | Queue | Villager (Male) |
| 7:57 | Queue | Villager (Male) |
| 7:57 | Queue | Villager (Male) |
| 8:35 | Build | Mill |
| 9:09 | Queue | Villager (Male) |
| 9:34 | Build | Town Center |
| 9:41 | Build | House |
| 10:50 | Queue | Villager (Male) |
| 10:50 | Queue | Villager (Male) |
| 10:50 | Queue | Villager (Male) |
| 10:50 | Queue | Villager (Male) |
| 11:58 | Queue | Villager (Male) |
| 11:58 | Queue | Villager (Male) |
| 12:00 | Queue | Villager (Male) |
| 12:00 | Queue | Villager (Male) |
| 14:11 | Queue | Villager (Male) |
| 14:11 | Queue | Villager (Male) |
| 14:12 | Queue | Villager (Male) |
| 14:57 | Queue | Villager (Male) |
| 14:58 | Queue | Villager (Male) |
| 15:28 | Queue | Villager (Male) |
| 16:36 | Build | Town Center |
| 17:26 | Build | Lumber Camp |
| 17:27 | Queue | Villager (Male) |
| 17:28 | Queue | Villager (Male) |
| 18:03 | Queue | Villager (Male) |
| 18:03 | Queue | Villager (Male) |
| 18:36 | Build | House |
| 18:40 | Queue | Villager (Male) |
| 19:17 | Queue | Villager (Male) |
| 19:50 | Queue | Villager (Male) |
| 19:51 | Queue | Villager (Male) |
| 20:23 | Queue | Villager (Male) |
| 20:29 | Build | Mill |
| 20:47 | Queue | Villager (Male) |
| 20:47 | Queue | Villager (Male) |
| 21:04 | Build | House |
| 21:06 | Build | House |
| 21:10 | Queue | Villager (Male) |
| 21:34 | Build | House |
| 22:01 | Queue | Villager (Male) |
| 25:13 | Build | Mining Camp |
| 26:04 | Queue | Villager (Male) |
| 27:36 | Build | Town Center |
| 28:55 | Queue | Villager (Male) |
| 28:55 | Queue | Villager (Male) |
| 29:07 | Queue | Villager (Male) |
| 31:02 | Queue | Villager (Male) |
| 31:02 | Queue | Villager (Male) |
| 31:02 | Queue | Villager (Male) |
| 31:02 | Queue | Villager (Male) |
| 32:25 | Queue | Villager (Male) |
| 32:25 | Queue | Villager (Male) |
| 32:25 | Queue | Villager (Male) |
| 34:40 | Build | Town Center |
| 34:55 | Build | House |
| 34:58 | Build | House |
| 35:03 | Build | House |
| 35:09 | Build | House |
Match timeline
| 5:49 | BarddoK · wall_segment Palisade Wall x1 |
| 5:50 | BarddoK · wall_segment Palisade Wall x1 |
| 5:54 | BarddoK · wall_segment Palisade Wall x1 |
| 5:55 | BarddoK · wall_segment Palisade Wall x1 |
| 7:19 | BarddoK · wall_segment Palisade Wall x1 |
| 7:20 | BarddoK · wall_segment Palisade Wall x1 |
| 8:34 | BarddoK · wall_segment Palisade Wall x1 |
| 8:53 | BarddoK · first_building Barracks |
| 18:41 | BarddoK · age_up feudal |
| 21:02 | BarddoK · first_market_buy 100 stone |
| 27:12 | BarddoK · first_market_sell 100 food |
| 27:23 | BarddoK · first_building Archery Range |
| 36:18 | TW_KAKA · resign |
[ AI ANALYSIS · 1 CREDIT ]
What really happened in this match?
Wolo.gg analyzes every decision: build order, eco, micro, common mistakes by bracket. Personalized analysis on WhatsApp or Discord in 30 seconds.
Civ guide
Tatars
Perfil
Jugador #9769680